[Event "Titled Tuesday Blitz April 11 Late 2023"]
[White "Colas, Joshua"]
[Black "Kovalev, Vladislav"]
[WhiteFideId "2044447"]
[BlackFideId "13504398"]
[WhiteElo "2347"]
[BlackElo "2555"]
[Result "0-1"]
[Round "04"]
[TimeControl "180+2"]
[Date "2023.04.11"]
[WhiteClock "0:00:37"]
[BlackClock "0:00:14"]

1. Nf3 Nf6 2. c4 g6 3. b3 Bg7 4. Bb2 O-O 5. g3 d6 6. d4 e5 7. dxe5 Ng4 8. h3 Nxe5 9. Nxe5 dxe5 10. Qxd8 Rxd8 11. Bg2 Na6 12. Na3 c6 13. O-O Nb4 14. Bc3 a5 15. Rad1 Be6 16. Nb1 Rxd1 17. Rxd1 Nxa2 18. Bb2 f5 19. f4 e4 20. Bxg7 Kxg7 21. Rd2 Nb4 22. Nc3 Kf7 23. Na4 Ke7 24. Kf2 b5 25. cxb5 cxb5 26. Nc3 Bd7 27. Rd4 Rc8 28. Nd1 Be6 29. g4 Bxb3 30. gxf5 gxf5 31. Ne3 Be6 32. h4 Nc2 33. Nxc2 Rxc2 34. Bh3 a4 35. Rb4 Rc5 0-1


[Site "https://www.chess.com"]

[Event "Titled Tuesday Blitz April 11 Late 2023"]
[White "De La Colina, Nicolas"]
[Black "Lazavik, Denis"]
[WhiteFideId "30946921"]
[BlackFideId "13515110"]
[WhiteElo "2046"]
[BlackElo "2560"]
[Result "0-1"]
[Round "04"]
[TimeControl "180+2"]
[Date "2023.04.11"]
[WhiteClock "0:00:24"]
[BlackClock "0:00:38"]

1. e4 c5 2. Nf3 e6 3. c3 d5 4. exd5 Qxd5 5. d4 Nf6 6. Na3 a6 7. Nc4 Nbd7 8. a4 cxd4 9. Qxd4 Bc5 10. Qxd5 Nxd5 11. Be2 O-O 12. O-O b6 13. Rd1 Bb7 14. Nce5 Nxe5 15. Nxe5 Rfd8 16. Bf3 b5 17. axb5 axb5 18. Rxa8 Rxa8 19. c4 bxc4 20. Nxc4 Kf8 21. Be3 Nxe3 22. fxe3 Bxf3 23. gxf3 Rb8 24. Kf2 Ke7 25. Ra1 Rb4 26. Rc1 f5 27. Ke2 Kf6 28. f4 h6 29. h4 g6 30. Kd3 Be7 31. Kc3 Rb7 32. b3 Kg7 33. Rg1 Bxh4 34. Ne5 g5 35. Nf3 Bf2 36. Rg2 Bxe3 37. fxg5 hxg5 38. Nxg5 Kf6 39. Nf3 e5 40. b4 e4 41. Nd2 Bxd2+ 42. Rxd2 Ke5 43. Rd8 Kf4 0-1


[Site "https://www.chess.com"]

[Event "Titled Tuesday Blitz April 11 Late 2023"]
[White "Hardaway, Brewington"]
[Black "Andreikin, Dmitry"]
[WhiteFideId "30941849"]
[BlackFideId "4158814"]
[WhiteElo "2159"]
[BlackElo "2736"]
[Result "0-1"]
[Round "04"]
[TimeControl "180+2"]
[Date "2023.04.11"]
[WhiteClock "0:01:01"]
[BlackClock "0:01:47"]

1. d4 g6 2. Nf3 Bg7 3. c4 e6 4. Nc3 Ne7 5. g3 d5 6. Bg2 dxc4 7. O-O O-O 8. Qa4 Nbc6 9. Rd1 a6 10. Qxc4 b5 11. Qd3 Bb7 12. a4 Nb4 13. Qd2 Rb8 14. axb5 axb5 15. Nxb5 Bxf3 16. Qxb4 Bxe2 17. Re1 Bxb5 18. Bg5 Nd5 19. Bxd8 Nxb4 20. Bxc7 Nc2 21. Bxb8 Rxb8 22. d5 exd5 23. Bxd5 Nxa1 24. Rxa1 Be8 25. Ra2 Bxb2 26. Kg2 Kg7 27. Ra7 Bd4 28. Re7 Kf8 29. Re4 Ba7 30. Re2 Bd7 31. Ra2 Bc5 32. Rc2 Be7 33. Rd2 Bf5 34. Bf3 Bf6 35. Re2 Rb2 36. Rxb2 Bxb2 37. Be2 Be6 38. Bf3 Ke7 39. Bd1 Kd6 40. Bc2 Kc5 41. Bd1 Kd4 42. Be2 Kc3 43. Bf3 Kd2 44. h4 Bd4 45. h5 Ke1 46. hxg6 hxg6 47. Bc6 Bxf2 48. Kf3 Bc5 49. Kf4 Bd6+ 50. Kg5 Bxg3 51. Be4 Kf2 52. Bxg6 Bf4+ 53. Kf6 fxg6 54. Kxg6 Ke3 55. Kf6 Bg4 56. Kg6 Ke4 57. Kf6 Kd5 58. Ke7 Be5 59. Kf7 Kd6 60. Kg6 Bf4 61. Kf6 Kd7 62. Kf7 Bg5 63. Kg6 Be7 64. Kf7 Bf5 65. Kg7 Ke6 66. Kh6 Bg4 67. Kg6 Bh4 68. Kg7 Bh5 69. Kh6 Bf7 70. Kg7 Bg5 71. Kf8 Bh6# 0-1


[Site "https://www.chess.com"]

[Event "Titled Tuesday Blitz April 11 Late 2023"]
[White "Mendez Fortes, Eduardo Jesus"]
[Black "Sarana, Alexey"]
[WhiteFideId "3502376"]
[BlackFideId "24133795"]
[WhiteElo "2307"]
[BlackElo "2714"]
[Result "0-1"]
[Round "04"]
[TimeControl "180+2"]
[Date "2023.04.11"]
[WhiteClock "0:00:05"]
[BlackClock "0:00:05"]

1. e4 c5 2. Nf3 d6 3. d4 cxd4 4. Nxd4 Nf6 5. Nc3 a6 6. Bg5 e6 7. f4 Qb6 8. Qd3 Nc6 9. O-O-O Nxd4 10. Qxd4 Qxd4 11. Rxd4 Bd7 12. Be2 Bc6 13. Bf3 Be7 14. Bh4 Rd8 15. Rhd1 e5 16. fxe5 dxe5 17. Rxd8+ Bxd8 18. Bxf6 Bxf6 19. Bg4 h5 20. Be2 Bg5+ 21. Kb1 h4 22. h3 g6 23. Bc4 Bf4 24. Bd5 Rh5 25. Bxc6+ bxc6 26. Rf1 Rg5 27. Rf2 Rg3 28. a4 Bg5 29. Ka2 Be7 30. Re2 Kd7 31. Kb3 Bd6 32. Kc4 f5 33. b4 f4 34. Rf2 g5 35. b5 cxb5+ 36. axb5 axb5+ 37. Nxb5 Ke6 38. Rd2 Be7 39. Nc7+ Kf7 40. Nd5 Ba3 41. c3 f3 42. Rf2 Rxg2 43. Rxf3+ Kg7 44. Ne3 Rg1 45. Nf5+ Kg6 46. Kd5 Bc1 47. Kxe5 Bf4+ 48. Ke6 Bh2 49. c4 Ra1 50. c5 Rc1 51. Kd5 Rd1+ 52. Kc6 Re1 53. Nd6 Bg3 54. Nf5 Bf4 55. Kd5 Bh2 56. c6 Rd1+ 57. Ke6 Rc1 58. Kd5 Rd1+ 59. Kc4 Be5 60. Rd3 Rc1+ 61. Kd5 Bf4 62. e5 Kxf5 63. Rd4 Bxe5 64. Rg4 Rd1+ 65. Kc5 Bf4 66. Kb6 Rb1+ 67. Kc5 Rb3 68. Kd5 Rxh3 69. Rg2 Rd3+ 70. Kc5 Rc3+ 71. Kb6 Rc1 72. Kb7 h3 73. Rf2 h2 0-1


[Site "https://www.chess.com"]

[Event "Titled Tuesday Blitz April 11 Late 2023"]
[White "Danielyan, Vahe"]
[Black "Sadhwani, Raunak"]
[WhiteFideId "13304828"]
[BlackFideId "35093487"]
[WhiteElo "2423"]
[BlackElo "2631"]
[Result "1/2-1/2"]
[Round "04"]
[TimeControl "180+2"]
[Date "2023.04.11"]
[WhiteClock "0:00:07"]
[BlackClock "0:00:06"]

1. e4 g6 2. d4 Bg7 3. Nc3 d6 4. Be3 c6 5. Qd2 b5 6. f3 Nd7 7. h4 h5 8. Nh3 Qa5 9. Ng5 Ngf6 10. Bd3 O-O 11. O-O e5 12. a4 b4 13. Ne2 exd4 14. Nxd4 Ne5 15. Be2 Bd7 16. Rad1 d5 17. Nb3 Qc7 18. Bf4 Rfe8 19. Nc5 a5 20. Nxd7 Qxd7 21. Kh1 Rad8 22. Qd4 Nh7 23. Nxh7 Kxh7 24. Qc5 d4 25. Qxa5 Qe7 26. Bg5 Bf6 27. f4 Bxg5 28. hxg5 Ng4 29. Bxg4 hxg4 30. e5 Kg7 31. Kg1 Qe6 32. Qc5 g3 33. Rd3 Qg4 34. Rff3 Rh8 35. e6 Qxe6 36. Qe5+ Qxe5 37. fxe5 c5 38. b3 Rde8 39. Rxg3 Rxe5 40. Rdf3 Rc8 41. Rf2 c4 42. bxc4 Rxc4 43. Rgf3 Rc7 44. Rb3 Rc4 45. Rbf3 Re7 46. a5 Rc5 47. a6 Rxg5 48. Rf6 Rb5 49. Rc6 Ra7 50. Rd6 f5 51. Rc6 b3 52. cxb3 Rxb3 53. Rd2 d3 54. Rd6 Ra3 55. R6xd3 Rxd3 56. Rxd3 Rxa6 57. Kh2 Kf6 58. Rb3 Kg5 59. Rg3+ Kf6 60. Rf3 Re6 61. Rb3 Kg5 62. Rc3 Re4 63. Rg3+ Kh5 64. Ra3 g5 65. Ra8 Kg4 66. Ra3 f4 67. Rb3 Re2 68. Rc3 Re3 69. Rc2 Kf5 70. Rb2 g4 71. Rb5+ Re5 72. Rb2 g3+ 73. Kh3 Re1 74. Rb5+ Ke4 75. Kg4 Rf1 76. Rb4+ Ke3 77. Rb3+ Kf2 78. Kxf4 Kxg2+ 79. Kg4 Ra1 80. Rxg3+ Kf2 81. Rf3+ Ke2 82. Rf4 Ke3 83. Rf6 Rg1+ 84. Kf5 Rf1+ 85. Ke6 Rxf6+ 86. Kxf6 1/2-1/2


[Site "https://www.chess.com"]

[Event "Titled Tuesday Blitz April 11 Late 2023"]
[White "Firouzja, Alireza"]
[Black "Atanasov, Anthony"]
[WhiteFideId "12573981"]
[BlackFideId "2623897"]
[WhiteElo "2904"]
[BlackElo "2326"]
[Result "1-0"]
[Round "04"]
[TimeControl "180+2"]
[Date "2023.04.11"]
[WhiteClock "0:00:50"]
[BlackClock "0:00:01"]

1. d4 Nf6 2. c4 g6 3. Nc3 d5 4. cxd5 Nxd5 5. e4 Nxc3 6. bxc3 Bg7 7. Bc4 c5 8. Ne2 O-O 9. h4 Nc6 10. Be3 Na5 11. Bd3 cxd4 12. cxd4 Nc6 13. e5 Qa5+ 14. Kf1 h5 15. Be4 Bg4 16. f3 Be6 17. d5 Nxe5 18. dxe6 fxe6 19. Rc1 Ng4 20. Qb3 Kh7 21. Bg5 Qe5 22. Kg1 Nf6 23. Bf4 Qa5 24. Qxe6 Nxe4 25. Qxe4 e5 26. Bg5 Qxa2 27. Kh2 Qe6 28. Rc7 Rf7 29. Rxb7 Re8 30. Rxf7 Qxf7 31. Rb1 Re6 32. Rb7 1-0


[Site "https://www.chess.com"]

[Event "Titled Tuesday Blitz April 11 Late 2023"]
[White "Di Berardino, Diego Rafael"]
[Black "Martinez Alcantara, Jose Eduardo"]
[WhiteFideId "2105446"]
[BlackFideId "3805662"]
[WhiteElo "2432"]
[BlackElo "2711"]
[Result "0-1"]
[Round "04"]
[TimeControl "180+2"]
[Date "2023.04.11"]
[WhiteClock "0:00:03"]
[BlackClock "0:01:59"]

1. e4 c5 2. Nf3 d6 3. d4 cxd4 4. Nxd4 a6 5. c4 Nf6 6. Nc3 b6 7. Be2 Bb7 8. Qd3 Nbd7 9. b4 Rc8 10. f4 e6 11. O-O Be7 12. Be3 O-O 13. g4 d5 14. cxd5 Bxb4 15. Rac1 Nc5 16. Qb1 Bxc3 17. Rxc3 Nfxe4 18. Rxc5 bxc5 19. Qxb7 cxd4 20. Bxd4 Qxd5 21. Qxd5 exd5 22. Bxa6 Ra8 23. Bb7 Rxa2 24. Bxd5 Rd2 25. Bxe4 Rxd4 26. Bg2 Rb8 27. Rf2 g6 28. h3 f5 29. gxf5 gxf5 30. Kh2 Kg7 31. h4 Kf6 32. Bh3 Rbb4 33. Kg3 Rb3+ 34. Kh2 Ra3 35. Bg2 Kg6 36. Bh3 Rdd3 37. Bf1 Rdc3 38. Be2 Kf6 39. Bf1 h6 40. Kg2 Ra4 41. Kh2 Rb4 42. Kg2 Re3 43. Kh2 Ke6 44. Kg2 Kd5 45. Kh2 Rd4 46. Bg2+ Kc5 47. Bh3 Rd5 48. Bg2 Rd8 49. Bh3 Rf8 50. Bg2 Kd4 51. Bh3 Rd3 52. Re2 Rf3 53. Re6 h5 54. Rh6 Rxf4 55. Rxh5 Ke3 56. Rh7 Rf2+ 57. Kg1 Rg8+ 58. Kh1 Rf3 59. Bg2 Rfg3 60. Re7+ Kf2 61. Bd5 Rh3# 0-1


[Site "https://www.chess.com"]

[Event "Titled Tuesday Blitz April 11 Late 2023"]
[White "Martinez Reyes, Pedro Ramon"]
[Black "Indjic, Aleksandar"]
[WhiteFideId "3901807"]
[BlackFideId "911925"]
[WhiteElo "2340"]
[BlackElo "2614"]
[Result "1-0"]
[Round "04"]
[TimeControl "180+2"]
[Date "2023.04.11"]
[WhiteClock "0:01:06"]
[BlackClock "0:00:13"]

1. d3 d5 2. Nf3 Nc6 3. g3 e5 4. Bg2 h6 5. O-O Nf6 6. c4 Be6 7. cxd5 Nxd5 8. Nc3 Bc5 9. Nxe5 Nxe5 10. d4 Nxc3 11. bxc3 Bb6 12. dxe5 Qxd1 13. Rxd1 c6 14. a4 Rd8 15. Ba3 Rxd1+ 16. Rxd1 Bc7 17. Bd6 Ba5 18. Rb1 Bc8 19. c4 f6 20. e6 g6 21. g4 Kd8 22. Rd1 Ke8 23. Be4 Rg8 24. Rb1 f5 25. Bf3 Kd8 26. Rd1 Ke8 27. Rb1 Kd8 28. e7+ Kd7 29. c5 Bc7 30. Rd1 Bxd6 31. cxd6 Ke6 32. gxf5+ gxf5+ 33. Kf1 Bd7 34. Bh5 f4 35. f3 Ke5 36. Bg4 Bxg4 37. fxg4 Ke6 38. Kf2 Kd7 39. Kf3 Rg6 40. Kxf4 Rf6+ 41. Kg3 Re6 42. Kf3 Rf6+ 43. Kg3 Re6 44. Rd2 b5 45. axb5 cxb5 46. Kf4 b4 47. e4 a5 48. e5 b3 49. Rd5 a4 50. Rb5 Kc6 51. Rb8 Kd5 52. d7 1-0


[Site "https://www.chess.com"]

[Event "Titled Tuesday Blitz April 11 Late 2023"]
[White "Steinberg, Nitzan"]
[Black "Filgueira, Hernan"]
[WhiteFideId "2801795"]
[BlackFideId "101770"]
[WhiteElo "2486"]
[BlackElo "2363"]
[Result "1-0"]
[Round "04"]
[TimeControl "180+2"]
[Date "2023.04.11"]
[WhiteClock "0:02:12"]
[BlackClock "0:00:50"]

1. d4 d5 2. Nf3 Nf6 3. c4 e6 4. Nc3 c6 5. e3 a6 6. b3 Bb4 7. Bd2 Bd6 8. Bd3 O-O 9. Qc2 Nbd7 10. g4 g6 11. h4 e5 12. cxd5 exd4 13. Nxd4 Nxd5 14. Ne4 Nb4 15. Bxb4 Bxb4+ 16. Ke2 Ne5 17. g5 Be7 18. Rad1 c5 19. Nxc5 Bxc5 20. Qxc5 Qe8 21. Be4 Bd7 22. h5 Rc8 23. Qd6 Bb5+ 24. Ke1 Rd8 25. Qf6 Nc6 26. Bxc6 Rxd4 27. Bxe8 Rxd1+ 28. Kxd1 Rxe8 29. h6 1-0


[Site "https://www.chess.com"]

[Event "Titled Tuesday Blitz April 11 Late 2023"]
[White "Terry, Renato"]
[Black "Suder, Jakub"]
[WhiteFideId "3803457"]
[BlackFideId "1195310"]
[WhiteElo "2575"]
[BlackElo "2287"]
[Result "1-0"]
[Round "04"]
[TimeControl "180+2"]
[Date "2023.04.11"]
[WhiteClock "0:02:56"]
[BlackClock "0:01:47"]

1. e4 c5 2. Nf3 e6 3. Nc3 Nc6 4. Bb5 Nge7 5. O-O a6 6. Bxc6 Nxc6 7. d4 cxd4 8. Nxd4 Qc7 9. Re1 Be7 10. Nd5 exd5 11. exd5 Nxd4 12. Qxd4 Kf8 13. Rxe7 Kxe7 14. Qxg7 Qxc2 15. Qe5+ Kd8 16. Bg5+ 1-0


[Site "https://www.chess.com"]

[Event "Titled Tuesday Blitz April 11 Late 2023"]
[White "Wadsworth, Matthew J"]
[Black "Ibarra Jerez, Jose Carlos"]
[WhiteFideId "415804"]
[BlackFideId "2226332"]
[WhiteElo "2330"]
[BlackElo "2638"]
[Result "0-1"]
[Round "04"]
[TimeControl "180+2"]
[Date "2023.04.11"]
[WhiteClock "0:00:11"]
[BlackClock "0:00:44"]

1. Nf3 d6 2. g3 Nf6 3. Bg2 g6 4. O-O Bg7 5. c4 O-O 6. Nc3 Nc6 7. d3 e5 8. Rb1 a5 9. a3 Re8 10. b4 axb4 11. axb4 e4 12. dxe4 Nxe4 13. Nxe4 Rxe4 14. b5 Na5 15. Bg5 Qe8 16. Nd2 Rxe2 17. Be3 Rxe3 18. fxe3 Qxe3+ 19. Kh1 Bf5 20. Re1 Qd4 21. Ne4 Nxc4 22. Qxd4 Bxd4 23. Rbc1 d5 24. Nc3 Be3 25. Nxd5 Bxc1 26. Rxc1 Nd6 27. Nxc7 Ra2 28. h3 Be4 29. Bxe4 Nxe4 30. Nd5 Nxg3+ 0-1


[Site "https://www.chess.com"]

[Event "Titled Tuesday Blitz April 11 Late 2023"]
[White "Licznerski, Lukasz"]
[Black "Haydon, David L"]
[WhiteFideId "1179250"]
[BlackFideId "415405"]
[WhiteElo "2450"]
[BlackElo "2326"]
[Result "1-0"]
[Round "04"]
[TimeControl "180+2"]
[Date "2023.04.11"]
[WhiteClock "0:00:04"]
[BlackClock "0:00:26"]

1. e4 Nf6 2. e5 Nd5 3. d4 d6 4. c4 Nb6 5. exd6 cxd6 6. Nc3 g6 7. Be3 Bg7 8. Rc1 O-O 9. b3 Nc6 10. d5 Ne5 11. Be2 f5 12. f4 Ng4 13. Bxg4 fxg4 14. Nge2 Nd7 15. O-O Nf6 16. Bd4 Bf5 17. Ng3 Qd7 18. Qd2 Rf7 19. Rce1 a6 20. a4 h5 21. Nxf5 Qxf5 22. Re6 h4 23. Rfe1 Nh5 24. Bxg7 Kxg7 25. Qd4+ Kg8 26. Rxe7 Nxf4 27. Rxf7 Qxf7 28. Rf1 Rf8 29. Kh1 h3 30. gxh3 gxh3 31. Ne4 Qe7 32. Ng3 Ne2 33. Rxf8+ Qxf8 34. Qd3 Nxg3+ 35. hxg3 Kh7 36. g4 Qf6 37. Qxh3+ Kg7 38. Qg3 Qa1+ 39. Kg2 Qb2+ 40. Kh3 Qf6 41. g5 Qf5+ 42. Kh2 Qc2+ 43. Kg1 Qd1+ 44. Kg2 Qd2+ 45. Kh3 Qd1 46. Qxd6 Qf3+ 47. Qg3 Qh1+ 48. Kg4 Qe4+ 49. Qf4 Qg2+ 50. Kh4 Qh1+ 51. Kg3 Qg1+ 52. Kf3 Qf1+ 53. Ke4 Qe2+ 54. Qe3 Qc2+ 55. Ke5 Qb2+ 56. Kd6 Qxb3 57. Qxb3 1-0


[Site "https://www.chess.com"]

[Event "Titled Tuesday Blitz April 11 Late 2023"]
[White "Djokic, Mihailo"]
[Black "Makarian, Rudik"]
[WhiteFideId "976440"]
[BlackFideId "44105681"]
[WhiteElo "2294"]
[BlackElo "2430"]
[Result "0-1"]
[Round "04"]
[TimeControl "180+2"]
[Date "2023.04.11"]
[WhiteClock "0:00:01"]
[BlackClock "0:00:11"]

1. e4 c5 2. Nf3 Nc6 3. d4 cxd4 4. Nxd4 e6 5. Nc3 a6 6. Be2 Qc7 7. O-O Nf6 8. Be3 d6 9. f4 Be7 10. Kh1 O-O 11. Qe1 Nxd4 12. Bxd4 b5 13. a3 Bb7 14. Qg3 Rac8 15. Bd3 Nh5 16. Qg4 e5 17. fxe5 dxe5 18. Bxe5 Qxe5 19. Rf5 Qe6 20. Qxh5 g6 21. Qg4 Bf6 22. Qg3 Kh8 23. Rf3 Be5 24. Qf2 Kg7 25. Rf1 Rc7 26. Nd5 Bxd5 27. exd5 Qxd5 28. c3 Re7 29. h3 Kg8 30. Qh4 Bd6 31. Qf6 Re6 32. Qd4 Qxd4 33. cxd4 Kg7 34. a4 bxa4 35. Bxa6 f5 36. Bc4 Re7 37. Ra1 Rc8 38. Rc3 Re4 39. Bd3 Rxc3 40. bxc3 Re3 41. Bb5 a3 42. c4 Rb3 43. c5 a2 44. Bd3 Bf4 45. Bc2 Rb2 46. Bd3 Rd2 0-1


[Site "https://www.chess.com"]

[Event "Titled Tuesday Blitz April 11 Late 2023"]
[White "Klenburg, Michael"]
[Black "Kravtsiv, Martyn"]
[WhiteFideId "14102072"]
[BlackFideId "14113147"]
[WhiteElo "2396"]
[BlackElo "2695"]
[Result "0-1"]
[Round "04"]
[TimeControl "180+2"]
[Date "2023.04.11"]
[WhiteClock "0:00:24"]
[BlackClock "0:00:21"]

1. g3 d5 2. Bg2 c5 3. Nf3 Nf6 4. O-O Nc6 5. d3 e5 6. Nbd2 Bd6 7. e4 d4 8. Nc4 Bc7 9. a4 Be6 10. b3 h6 11. Ne1 g5 12. f4 gxf4 13. gxf4 Bg4 14. Qd2 exf4 15. Qf2 Nh5 16. Nf3 Rg8 17. Kh1 Qd7 18. Bd2 O-O-O 19. a5 Bh3 20. Rg1 Bxg2+ 21. Rxg2 Qh3 22. e5 Rg3 23. Ne1 Nxe5 24. Nxe5 Bxe5 25. Kg1 Rxg2+ 26. Qxg2 Qxg2+ 27. Kxg2 Rg8+ 28. Kf2 Nf6 29. Nf3 Bc7 30. Rg1 Rxg1 31. Kxg1 Nd5 32. Kf2 Kd7 33. Ne1 Ke6 34. Kf3 Ne3 35. Ke4 Ng4 36. h4 Ne5 37. Kxf4 Nc4+ 0-1


[Site "https://www.chess.com"]

[Event "Titled Tuesday Blitz April 11 Late 2023"]
[White "Kevlishvili, Robby"]
[Black "Belov, Alexei"]
[WhiteFideId "1040634"]
[BlackFideId "4128206"]
[WhiteElo "2572"]
[BlackElo "2421"]
[Result "1-0"]
[Round "04"]
[TimeControl "180+2"]
[Date "2023.04.11"]
[WhiteClock "0:01:48"]
[BlackClock "0:01:45"]

1. e4 e6 2. d4 d5 3. Nd2 Nf6 4. e5 Nfd7 5. f4 c5 6. Ngf3 Nc6 7. Nb3 cxd4 8. Nfxd4 Qb6 9. Be3 Nc5 10. Nxc6 Qxc6 11. Nxc5 Bxc5 12. Bxc5 Qxc5 13. Qd2 Bd7 14. O-O-O Rc8 15. Kb1 O-O 16. Bd3 Bb5 17. h4 f6 18. exf6 Rxf6 19. g3 e5 20. Bxb5 Qxb5 21. fxe5 Rf3 22. Qxd5+ Qxd5 23. Rxd5 Rxg3 24. Rd7 Rg2 25. Rxb7 Rcxc2 26. e6 Rce2 27. Rb8# 1-0


[Site "https://www.chess.com"]

[Event "Titled Tuesday Blitz April 11 Late 2023"]
[White "Lenaerts, Lennert"]
[Black "Grigorjev, Iljya"]
[WhiteFideId "211435"]
[BlackFideId "24159565"]
[WhiteElo "2334"]
[BlackElo "2323"]
[Result "0-1"]
[Round "04"]
[TimeControl "180+2"]
[Date "2023.04.11"]
[WhiteClock "0:00:06"]
[BlackClock "0:00:39"]

1. d4 Nf6 2. c4 g6 3. Nc3 d5 4. e3 Bg7 5. Qb3 e6 6. Qa3 a5 7. Nf3 Na6 8. Bd2 Nb4 9. Qb3 O-O 10. Be2 c5 11. dxc5 dxc4 12. Bxc4 Nd3+ 13. Bxd3 Qxd3 14. Qb5 Qxb5 15. Nxb5 Ne4 16. Nc3 Nxc5 17. O-O b6 18. Rfd1 Ba6 19. e4 Nd3 20. Rab1 Rac8 21. Be3 Nc5 22. Bd4 Rfd8 23. Bxg7 Kxg7 24. e5 b5 25. Rxd8 Rxd8 26. Rd1 Nd3 27. Ne1 b4 28. Na4 Rd5 29. Nxd3 Bxd3 30. f4 f6 31. Kf2 fxe5 32. fxe5 g5 33. a3 bxa3 34. bxa3 Kg6 35. Nc3 Rd7 36. Ke3 Bb5 37. Rxd7 Bxd7 38. g4 h5 39. h3 h4 40. Ne4 Bb5 41. Kf2 Bc6 42. Nc5 Bd5 43. Nd3 Kf7 44. Ne1 Ke7 45. Nf3 Bxf3 46. Kxf3 Kd7 47. Ke3 Kc6 48. Kd3 Kd5 0-1


[Site "https://www.chess.com"]

[Event "Titled Tuesday Blitz April 11 Late 2023"]
[White "Samsonkin, Artiom"]
[Black "Francisco Guecamburu, Candela Be"]
[WhiteFideId "13503111"]
[BlackFideId "160911"]
[WhiteElo "2524"]
[BlackElo "2326"]
[Result "0-1"]
[Round "04"]
[TimeControl "180+2"]
[Date "2023.04.11"]
[WhiteClock "0:00:02"]
[BlackClock "0:01:22"]

1. Nf3 Nf6 2. e3 c5 3. b3 Nc6 4. Bb2 g6 5. g3 Bg7 6. Bg2 O-O 7. O-O d6 8. d3 e5 9. Nbd2 Be6 10. Qe2 h6 11. a3 Qd7 12. Rfd1 Bh3 13. Bxh3 Qxh3 14. Ne4 Ne8 15. Qf1 Qc8 16. Qg2 f5 17. Ned2 e4 18. dxe4 Bxb2 19. Rab1 Bg7 20. Nh4 Qe6 21. exf5 gxf5 22. Nc4 Rd8 23. Rd5 Ne7 24. Rd3 d5 25. Rbd1 Rc8 26. Nd2 c4 27. bxc4 dxc4 28. Rd4 Bxd4 29. exd4 Ng6 30. d5 Qf6 31. Nxg6 Qxg6 32. Nf3 Nd6 33. Nd4 Ne4 34. Ne6 Rfe8 35. f3 Nc3 36. Rd4 Nxd5 0-1


[Site "https://www.chess.com"]

[Event "Titled Tuesday Blitz April 11 Late 2023"]
[White "Ibadov, Dashgyn"]
[Black "Rustemov, Alexander"]
[WhiteFideId "24107514"]
[BlackFideId "4119002"]
[WhiteElo "2208"]
[BlackElo "2525"]
[Result "0-1"]
[Round "04"]
[TimeControl "180+2"]
[Date "2023.04.11"]
[WhiteClock "0:00:03"]
[BlackClock "0:00:34"]

1. e4 e6 2. d4 d5 3. Nc3 dxe4 4. Nxe4 Bd7 5. Nf3 Bc6 6. Bd3 Nd7 7. Qe2 Ngf6 8. Bd2 Nxe4 9. Bxe4 Bxe4 10. Qxe4 c6 11. O-O-O Nf6 12. Qe2 Qd5 13. Kb1 Be7 14. Rhe1 b5 15. Ne5 O-O 16. g4 Rfd8 17. g5 Nd7 18. h4 Nxe5 19. dxe5 Qc4 20. Qxc4 bxc4 21. Bc3 Bc5 22. f3 Rd5 23. Rd2 Rad8 24. Kc1 g6 25. Re4 Rxd2 26. Bxd2 Rd4 27. Rxd4 Bxd4 28. f4 Bc5 29. Kd1 Bf2 30. Be1 Be3 31. Bd2 Bd4 32. c3 Bf2 33. Be1 Be3 34. Bd2 Bg1 35. Ke2 Bb6 36. Be3 c5 37. b4 cxb3 38. axb3 Kf8 39. b4 Ke8 40. bxc5 Bd8 41. c6 a6 42. Kd3 Ba5 43. Kc4 Kd8 44. Kc5 Kc7 45. Kc4 Kxc6 46. Bc5 Bxc3 0-1


[Site "https://www.chess.com"]

[Event "Titled Tuesday Blitz April 11 Late 2023"]
[White "Chylewski, Patryk"]
[Black "Urazayev, Arystanbek"]
[WhiteFideId "1186191"]
[BlackFideId "13709810"]
[WhiteElo "2163"]
[BlackElo "2449"]
[Result "0-1"]
[Round "04"]
[TimeControl "180+2"]
[Date "2023.04.11"]
[WhiteClock "0:00:04"]
[BlackClock "0:01:11"]

1. e4 c6 2. Nf3 d5 3. d3 dxe4 4. dxe4 Qxd1+ 5. Kxd1 Nd7 6. Nfd2 f5 7. Nc3 Ngf6 8. f3 fxe4 9. Ndxe4 e5 10. Bd3 Nc5 11. Nxc5 Bxc5 12. Ke2 Be6 13. Be3 Bd4 14. Bxd4 exd4 15. Ne4 Nd5 16. Kd2 O-O-O 17. Ng5 Bg8 18. Bf5+ Kc7 19. Be6 Ne3 20. Bxg8 Rhxg8 21. Ne6+ Kd6 22. Nxd8 Rxd8 23. g3 Kd5 24. b3 c5 25. Rhe1 c4 26. c3 Nf5 27. bxc4+ Kxc4 28. cxd4 Rxd4+ 29. Kc2 Rd5 30. Re4+ Nd4+ 31. Kb2 Rb5+ 32. Kc1 Kd3 33. Rf4 Ne2+ 34. Kd1 Nxf4 35. gxf4 Rb2 36. Rc1 Rxh2 0-1


[Site "https://www.chess.com"]

[Event "Titled Tuesday Blitz April 11 Late 2023"]
[White "Rastbod, Ali"]
[Black "Mekhitarian, Krikor Sevag"]
[WhiteFideId "12567477"]
[BlackFideId "2107660"]
[WhiteElo "2248"]
[BlackElo "2604"]
[Result "1-0"]
[Round "04"]
[TimeControl "180+2"]
[Date "2023.04.11"]
[WhiteClock "0:00:12"]
[BlackClock "0:00:09"]

1. d4 Nf6 2. c4 g6 3. g3 d5 4. cxd5 Nxd5 5. Bg2 Nb6 6. Nf3 Bg7 7. O-O Nc6 8. e3 e5 9. dxe5 Qxd1 10. Rxd1 Nxe5 11. Nxe5 Bxe5 12. f4 Bg7 13. Nc3 c6 14. e4 O-O 15. e5 f6 16. exf6 Bxf6 17. Ne4 Bg7 18. h3 Bf5 19. Nc5 Rad8 20. Be3 Nc4 21. Bf2 Bxb2 22. Rxd8 Rxd8 23. Re1 b6 24. Ne6 Re8 25. Bxc6 Rc8 26. Bd5 Kh8 27. g4 Bd3 28. Ng5 Bf6 29. Nf3 Rd8 30. Be4 Bxe4 31. Rxe4 Nd6 32. Re6 Kg7 33. Rxf6 Kxf6 34. Bh4+ Ke6 35. Bxd8 Kd5 36. Ng5 h6 37. Nf3 Ne4 38. Kg2 Nc3 39. a3 Nb5 40. Be7 Ke6 41. Bf8 Kf7 42. Bb4 a5 43. a4 Nc7 44. Bd2 Ne6 45. Be3 Ke7 46. Kg3 b5 47. axb5 a4 48. Bc1 Kd6 49. Ba3+ Kd5 50. b6 Kc6 51. Ne5+ Kxb6 52. Nxg6 Kb5 53. f5 Ng5 54. h4 Ne4+ 55. Kf4 Nf6 56. g5 Nd5+ 57. Ke5 1-0


[Site "https://www.chess.com"]

[Event "Titled Tuesday Blitz April 11 Late 2023"]
[White "Martin Carmona, Gaston Manuel"]
[Black "Baskakov, Egor"]
[WhiteFideId "22284567"]
[BlackFideId "24197866"]
[WhiteElo "2245"]
[BlackElo "2212"]
[Result "0-1"]
[Round "04"]
[TimeControl "180+2"]
[Date "2023.04.11"]
[WhiteClock "0:00:08"]
[BlackClock "0:00:26"]

1. e4 c5 2. Nf3 Nf6 3. e5 Nd5 4. Nc3 e6 5. Nxd5 exd5 6. d4 Nc6 7. dxc5 Bxc5 8. Qxd5 d6 9. Bc4 Be6 10. Qd3 Bxc4 11. Qxc4 Qb6 12. O-O Nxe5 13. Nxe5 dxe5 14. a4 O-O 15. a5 Qc6 16. b3 Rac8 17. a6 b5 18. Qe2 Bd4 19. Ra2 Rfd8 20. Be3 f6 21. h4 Qc5 22. h5 b4 23. h6 g6 24. Qg4 f5 25. Qg5 Kf7 26. Bxd4 Rxd4 27. Re1 e4 28. Qe3 Qc3 29. Qe2 Qd2 30. Qf1 Rd7 31. Rea1 Qxh6 32. Qb5 Qd2 33. c4 Qd6 34. Rc1 Rcc7 35. c5 Qf4 36. Qc4+ Kg7 37. Rac2 Qe5 38. Qxb4 e3 39. Qc3 exf2+ 40. Kxf2 Rd4 41. b4 Kh6 42. Qh3+ Kg5 43. Qc3 Rf4+ 44. Kg1 Qxc3 45. Rxc3 Rxb4 46. Rd1 Rb5 47. c6 Rb6 48. Rd7 Rcxc6 49. Rxc6 Rxc6 50. Rxa7 h5 51. Ra8 Rc1+ 52. Kf2 Rc2+ 53. Kg1 Ra2 54. a7 h4 55. Kh2 f4 56. Kh3 Ra3+ 57. Kh2 Ra1 58. Rb8 Rxa7 59. Rb5+ Kg4 60. Rb6 g5 61. Rb3 Ra2 62. Rf3 Re2 63. Rh3 Re3 64. Rxe3 fxe3 65. Kg1 Kg3 66. Kf1 h3 67. gxh3 Kxh3 68. Ke2 g4 69. Kxe3 g3 70. Kf3 g2 71. Kf2 Kh2 0-1


[Site "https://www.chess.com"]